 Dungeon Crawl Stone Soup version 0.28.0-43-g3370ac3207 (webtiles) character file.

Game seed: 5849537547898949021

4384 Peloso the Carver (level 10, -1/84 (86) HPs)
             Began as a Minotaur Fighter on Mar 23, 2022.
             Was a High Priest of Okawaru.
             Slain by an orc warrior
             ... wielding a +0 glaive
              (4 damage)
             ... on level 8 of the Dungeon.
             The game lasted 00:11:28 (8571 turns).

Peloso the Carver (Minotaur Fighter)                Turns: 8571, Time: 00:11:28

HP:   -1/84 (86)    AC: 12    Str: 23    XL:     10   Next: 13%
MP:   9/9           EV:  9    Int:  5    God:    Okawaru [*****.]
Gold: 359           SH:  5    Dex: 12    Spells: 9/9 levels left

rFire   . . .      SeeInvis .   a - +0 long sword
rCold   + . .      Faith    .   c - +0 buckler
rNeg    . . .      Spirit   .   F - +0 chain mail
rPois   .          Reflect  .   (helmet restricted)
rElec   .          Harm     .   (no cloak)
rCorr   .          Rampage  .   (no gloves)
Will    .....                   m - +0 pair of boots
Stlth   ..........              (no amulet)
HPRegen 0.24/turn               t - ring of flight
MPRegen 0.11/turn               L - ring of protection from cold

@: flying, lightly drained
A: horns 2, retaliatory headbutt
a: Renounce Religion, Heroism, Finesse, Duel


You were on level 8 of the Dungeon.
You worshipped Okawaru.
Okawaru was extremely pleased with you.
You visited 2 branches of the dungeon, and saw 9 of its levels.

You collected 359 gold pieces.

Inventory:

Hand Weapons
 a - a +0 long sword (weapon)
 b - the +6 whip of the Elven Halls {flame, rPois rF- Int+7 SInv}
   (You found it on level 5 of the Dungeon)

   It burns those it strikes, dealing additional fire damage.
   Int:       It affects your intelligence (+7).
   rF:        It makes you vulnerable to fire.
   rPois:     It protects you from poison.
   SInv:      It lets you see invisible.
 J - the +9 dagger "Ruyng" {speed, +Blink rN+ rCorr Int+3}
   (You took it off an orc on level 6 of the Dungeon)

   Attacks with this weapon are significantly faster.
   Int:       It affects your intelligence (+3).
   rN:        It protects you from negative energy.
   +Blink:    It lets you blink.
   rCorr:     It protects you from acid and corrosion.
Armour
 c - a +0 buckler (worn)
 m - a +0 pair of boots (worn)
 B - a +0 scale mail
 F - a +0 chain mail (worn)
Jewellery
 n - a +4 ring of evasion
 o - a ring of fire
 t - a ring of flight (left hand)
 C - an amulet of guardian spirit
 K - an amulet of the acrobat
 L - a ring of protection from cold (right hand)
Wands
 v - a wand of paralysis (10)
 y - a wand of flame (16)
Scrolls
 e - 2 scrolls of identify {unknown}
 f - 8 scrolls of teleportation {unknown}
 g - 3 scrolls of immolation {unknown}
 l - 3 scrolls of blinking {unknown}
 p - a scroll of enchant weapon {unknown}
 r - 2 scrolls of enchant armour {unknown}
 s - 2 scrolls of fear {unknown}
 x - a scroll of brand weapon {unknown}
 D - a scroll of magic mapping {unknown}
 E - a scroll of amnesia {unknown}
 G - a scroll of silence {unknown}
 I - a scroll of fog {unknown}
Potions
 d - a potion of might
 h - 2 potions of lignification {unknown}
 i - 2 potions of flight {unknown}
 j - a potion of heal wounds {unknown}
 k - 2 potions of curing
 q - 2 potions of attraction {unknown}
 u - a potion of berserk rage {unknown}
 w - a potion of brilliance {unknown}
 z - a potion of haste {unknown}
 A - a potion of degeneration {unknown}
 H - a potion of mutation {unknown}
 M - a potion of cancellation {unknown}


   Skills:
 + Level 7.2 Fighting
 + Level 12.0 Long Blades
 + Level 9.1 Armour
 + Level 3.5 Dodging
 + Level 2.8 Stealth
 + Level 6.4 Shields
 + Level 0.4 Invocations
 + Level 0.2 Evocations


You had 9 spell levels left.
You didn't know any spells.
Your spell library contained the following spells:

 Spells                   Type           Power      Damage    Failure   Level
 Sting                    Tmut/Pois      0%         1d3       99%         1
 Poisonous Vapours        Pois/Air       0%         N/A       99%         2
 Confusing Touch          Hex            0%         N/A       100%        3
 Gell's Gravitas          Tloc           0%         N/A       100%        3
 Lesser Beckoning         Tloc           0%         N/A       100%        3
 Teleport Other           Tloc           0%         N/A       100%        3
 Olgreb's Toxic Radiance  Pois           0%         N/A       100%        4
 Yara's Violent Unravell  Hex/Tmut       0%         3d3       100%        5
 Enfeeble                 Hex            0%         N/A       100%        7


Dungeon Overview and Level Annotations

Branches:
Dungeon (8/15)             Temple (1/1) D:4
   Lair: D:8-11

Altars:
Ashenzari
Cheibriados
Dithmenos
Fedhas
Gozag
Hepliaklqana
Kikubaaqudgha
Makhleb
Nemelex Xobeh
Okawaru
Qazlal
Ru
Sif Muna
Trog
Uskayaw
Vehumet
Wu Jian
Xom
Zin
The Shining One


Innate Abilities, Weirdness & Mutations

You have a pair of horns on your head.
You reflexively headbutt those who attack you in melee.


Message History

An orc comes into view. It is wielding a +0 falchion.
An orc comes into view. It is wielding a +0 club.
The orc shouts!
You hear a shout!
The orc barely misses you. You furiously retaliate!
You headbutt the orc!
You kill the orc!
Things that are here:
a +4 trident of freezing; a +0 robe An orc wizard comes into view.
It is wielding a +0 dagger.
The orc wizard gestures at you while chanting.
You are confused.
The orc barely misses you.
The orc warrior hits you but does no damage.
The orc completely misses you.
You slash the orc!
You kill the orc!
Okawaru accepts your kill. The orc wizard casts a spell at you.
You are more confused.
The orc warrior hits you from afar with a +0 glaive!!
* * * LOW HITPOINT WARNING * * *
The orc wizard points at you and mumbles some strange words.
You are more confused.
You're too confused to move!
The orc warrior hits you but does no damage.
Unknown command.
The orc wizard points at you and mumbles some strange words.
The puff of flame hits you.
* * * LOW HITPOINT WARNING * * *
It was a potion of curing.
You feel better.
The orc wizard hits you but does no damage.
You block the orc warrior's attack.
Found 16 sling bullets.
The orc wizard gestures at you while chanting.
The puff of flame hits you but does no damage.
The orc warrior hits you from afar with a +0 glaive!
* * * LOW HITPOINT WARNING * * *
The orc wizard hits you with a +0 dagger.
* * * LOW HITPOINT WARNING * * *
The orc warrior hits you from afar with a +0 glaive.
You die...

#+# #..# .( #..#
#.######..# ..##.....#
#(##.^...# ###..#.(...#
#....#.....#
#....#....#########
#..o.@....).......#
####..o.......)<...#.#
#######........)...#######
#............#.....#
#.........).[......#
#.......).)####.##.#
#............#...#.#
#.......))##.#.....#
#.........##.#......


You could see an orc warrior and an orc wizard.

Vanquished Creatures
  5 yaks (D:7)
  Eustachio (D:4)
  Menkaure (D:4)
  4 water moccasins
  An orc warrior (D:8)
  2 ice beasts (D:7)
  A black bear (D:5)
  2 necrophages
  3 sky beasts
  4 ogres
  2 phantoms (D:6)
  Blork the orc (D:4)
  3 bullfrogs
  A scorpion (D:4)
  A gnoll sergeant (D:5)
  A water moccasin zombie (D:6)
  A water moccasin skeleton (D:6)
  6 killer bees
  4 wights (D:8)
  2 howler monkeys (D:8)
  3 centaur zombies
  2 hounds
  A jelly (D:6)
  A bullfrog skeleton (D:6)
  A gnoll shaman (D:5)
  2 orc priests (D:6)
  3 iguanas
  A scorpion zombie (D:5)
  3 orc wizards
  11 gnolls
  2 adders
  A howler monkey skeleton (D:7)
  2 shadow imps (D:5)
  A white imp (D:6)
  3 ufetubi
  4 dart slugs
  23 orcs
  12 endoplasms
  3 giant cockroaches
  9 goblins
  3 hobgoblins
  A jackal (D:1)
  3 quokkas
  2 ball pythons
  3 bats (D:2)
  A frilled lizard (D:1)
  5 kobolds
  6 rats
158 creatures vanquished.

Notes
Turn   | Place    | Note
-------+----------+-------------------------------------------
     0 | D:1      | Peloso the Minotaur Fighter began the quest for the Orb.
     0 | D:1      | Reached XP level 1. HP: 19/19 MP: 0/0
   202 | D:1      | Found a faded altar of an unknown god.
   371 | D:1      | Reached XP level 2. HP: 27/27 MP: 1/1
  1412 | D:2      | Reached XP level 3. HP: 30/33 MP: 2/2
  1683 | D:2      | Reached skill level 3 in Long Blades
  2160 | D:3      | Found an ornate altar of the Wu Jian Council.
  2322 | D:3      | Found a bloodstained altar of Trog.
  2330 | D:3      | Found a stormy altar of Qazlal.
  2345 | D:3      | Reached XP level 4. HP: 20/40 MP: 3/3
  2496 | D:3      | Found a blossoming altar of Fedhas.
  2637 | D:4      | Found a staircase to the Ecumenical Temple.
  2646 | Temple   | Entered the Ecumenical Temple
  2702 | Temple   | Became a worshipper of Warmaster Okawaru
  2743 | D:4      | Noticed a necrophage
  2751 | D:4      | Killed a necrophage
  2752 | D:4      | Reached skill level 4 in Long Blades
  2752 | D:4      | Reached skill level 5 in Armour
  2752 | D:4      | Reached skill level 1 in Dodging
  2752 | D:4      | Reached XP level 5. HP: 45/46 MP: 4/4
  3149 | D:4      | Noticed an ogre
  3159 | D:4      | Killed an ogre
  3160 | D:4      | Reached skill level 5 in Long Blades
  3160 | D:4      | Reached XP level 6. HP: 53/53 MP: 5/5
  3199 | D:4      | Found a glowing silver altar of Zin.
  3244 | D:4      | Noticed Blork the orc
  3260 | D:4      | Killed Blork the orc
  3260 | D:4      | Reached * piety under Okawaru
  3261 | D:4      | Reached skill level 1 in Stealth
  3490 | D:4      | Noticed Eustachio
  3502 | D:4      | Killed Eustachio
  3503 | D:4      | Reached skill level 6 in Long Blades
  3503 | D:4      | Reached XP level 7. HP: 60/60 MP: 6/6
  3918 | D:4      | Noticed Menkaure
  3928 | D:4      | Killed Menkaure
  3930 | D:4      | Reached ** piety under Okawaru
  3931 | D:4      | Reached skill level 5 in Fighting
  4316 | D:5      | Entered Level 5 of the Dungeon
  4353 | D:5      | Reached skill level 7 in Long Blades
  4569 | D:5      | Reached XP level 8. HP: 35/68 MP: 7/7
  4626 | D:5      | Found a radiant altar of Vehumet.
  5016 | D:6      | Reached skill level 8 in Long Blades
  5107 | D:6      | Found a hide-covered altar of Uskayaw.
  5428 | D:6      | Identified the +9 dagger "Ruyng" {speed, +Blink rN+ rCorr
                  | Int+3}
  5430 | D:6      | Reached skill level 5 in Shields
  5753 | D:6      | Reached *** piety under Okawaru
  5768 | D:6      | Reached skill level 9 in Long Blades
  6074 | D:6      | Reached XP level 9. HP: 74/75 MP: 8/8
  6466 | D:5      | Found an opulent altar of Gozag.
  6630 | D:5      | Identified the +6 whip of the Elven Halls {flame, rPois rF-
                  | Int+7 SInv}
  6751 | D:5      | Reached skill level 10 in Long Blades
  7341 | D:7      | Reached **** piety under Okawaru
  7855 | D:7      | Reached skill level 11 in Long Blades
  8254 | D:7      | Reached XP level 10. HP: 78/86 MP: 9/9
  8490 | D:8      | Reached skill level 12 in Long Blades
  8513 | D:8      | Reached ***** piety under Okawaru
  8570 | D:8      | HP: 2/84 [orc wizard/+0 dagger (3)]
  8571 | D:8      | Slain by an orc warrior

Illustrated notes

Levels and vault maps discovered:
D:1:      dpeg_arrival_rooms_with_view, layout_loops_ring,
          hellmonk_ecumenical_altar_lost_god
D:2:      layout_loops_ring, hangedman_decor_growths
D:3:      layout_rooms, pdpol_wu_jian_five_deadly_venoms,
          grunt_temple_overflow_diamond, chequers_serial_rivers_small_a,
          minmay_misc_feat_more_columns
D:4:      layout_loops_corners, zin_statuary, minmay_temple_entry_sparse_star,
          kennysheep_generic_room_15, uniq_blork_the_orc, uniq_eustachio,
          uniq_menkaure
D:5:      kennysheep_spiral_hall, layout_rooms, overflow_temple_1_default,
          nicolae_vehumet_radiance
D:6:      layout_gridville, nicolae_uskayaw_murder_on_the_dancefloor,
          minivault_27, kennysheep_generic_room_6
D:7:      layout_rooms, nicolae_sextant, chequers_serial_rivers_micro_b
D:8:      layout_basic, uniq_maggie
Temple:   nicolae_temple_hex_pool

Skill      XL: |  1  2  3  4  5  6  7  8  9 10 |
---------------+-------------------------------+-----
Fighting       | 4 5 6 7 |  7.2
Armour         | 4 5 6 7 9 |  9.1
Shields        | 4 5 6 |  6.4
Long Blades    | 3 4 5 6 7 9 11 12 | 12.0
Dodging        | 1 2 3 |  3.5
Stealth        | 1 2 |  2.8
Invocations    | |  0.4
Evocations     | |  0.2

Action                   |  1- 3 |  4- 6 |  7- 9 | 10-12 || total
-------------------------+-------+-------+-------+-------++-------
Melee: Long sword        |   101 |    59 |   324 |    41 ||   525
       Headbutt          |    12 |    10 |    53 |    14 ||    89
Invok: Heroism           |       |       |     4 |       ||     4
Evoke: Wand              |       |     3 |       |       ||     3
  Use: Potion            |       |       |       |     1 ||     1
 Stab: Paralysed         |       |    12 |       |       ||    12
Armor: Scale mail        |    59 |    12 |    62 |       ||   133
       Chain mail        |       |       |    70 |    31 ||   101
Dodge: Dodged            |    34 |    11 |   219 |    34 ||   298
Block: Buckler           |    18 |     6 |    84 |    12 ||   120
